 Dungeon Crawl Stone Soup version 0.30.1-3-gfc49f6343a (webtiles) character file.

Game seed: 8782864478618568610

95 Heoruswealwe the Conjurer (level 4, -5/24 HPs)
             Began as a Deep Elf Conjurer on Aug 5, 2023.
             Slain by a sleepcap (22 damage)
             ... on level 3 of the Dungeon.
             The game lasted 00:20:11 (1966 turns).

Heoruswealwe the Conjurer (Deep Elf Conjurer)       Turns: 1966, Time: 00:20:12

Health: -5/24      AC:  0    Str:  4    XL:     4   Next: 40%
Magic:  8/13       EV:  2    Int: 25    God:
Gold:   92         SH:  0    Dex: 13    Spells: 3/13 levels left

rFire   . . .        (no weapon)
rCold   . . .        (no shield)
rNeg    . . .        (no body armour)
rPois   .            (no helmet)
rElec   .            (no cloak)
rCorr   .            (no gloves)
SInv    .            (no boots)
Will    .....        (no amulet)
Stlth   ++           (no ring)
HPRegen 0.24/turn    (no ring)
MPRegen 0.13/turn

%: no passive effects
@: sleeping
A: no striking features
a: no special abilities


You were on level 3 of the Dungeon.
You visited 1 branch of the dungeon, and saw 3 of its levels.

You collected 152 gold pieces.
You spent 60 gold pieces at shops.

Inventory:

Wands
 p - a wand of quicksilver (6)
Scrolls
 a - a scroll of enchant armour {unknown}
 c - a scroll of acquirement {unknown}
 f - a scroll of brand weapon {unknown}
 g - 3 scrolls of amnesia {unknown}
 h - a scroll of magic mapping {unknown}
 i - a scroll of enchant weapon {unknown}
 l - 4 scrolls of identify
 o - a scroll of immolation {unknown}
Potions
 b - a potion of magic
 d - a potion of brilliance {unknown}
 e - a potion of cancellation {unknown}
 j - a potion of ambrosia {unknown}
 k - 2 potions of might {unknown}
 m - a potion of flight {unknown}
 n - a potion of attraction {unknown}
 q - a potion of mutation {unknown}


   Skills:
 - Level 2.4 Dodging
 - Level 2.4 Stealth
 + Level 5.0 Spellcasting
 + Level 5.5 Conjurations


You had 3 spell levels left.
You knew the following spells:

 Your Spells              Type           Power      Damage    Failure   Level
a - Magic Dart            Conj           100%       1d8       1%          1
b - Searing Ray           Conj           66%        2d6       1%          2
c - Dazzling Flash        Conj/Hex       40%        N/A       8%          3
d - Fulminant Prism       Conj/Hex       10%        3d8       26%         4

Your spell library contained the following spells:

 Spells                   Type           Power      Damage    Failure   Level
 Slow                     Hex            24%        N/A       9%          1
 Summon Small Mammal      Summ           24%        N/A       9%          1
 Call Canine Familiar     Summ           6%         N/A       24%         3
 Confusing Touch          Hex            6%         N/A       24%         3
 Summon Guardian Golem    Hex/Summ       6%         N/A       24%         3
 Vampiric Draining        Necr           6%         2d6       24%         3
 Iskenderun's Mystic Bla  Conj/Tloc      20%        2d6       26%         4


Dungeon Overview and Level Annotations

Branches:
Dungeon (3/15)

Altars:
Gozag

Shops:
D:2 ?


Message History

Found a stone staircase leading up.
Found a stone staircase leading down.
Found a sharpened brass wand.
p - a wand of quicksilver (6)
Found a scale mail.
A goblin comes into view. It is wielding a +0 dagger.
The magic dart hits the goblin.
You kill the goblin!
Found a trident.
Found 5 stones.
You see here a +0 scale mail.
You see here 5 stones.
You see here 5 stones.
Things that are here:
a +0 dagger; a +0 sling; a goblin corpse
Found a sedimented cyan potion.
You see here a +0 trident.
Found a stone staircase leading up.
q - a sedimented cyan potion A sleepcap comes into view.
The magic dart hits the sleepcap but does no damage.
Casting: Magic Dart (safe; 1% risk of failure)
Confirm with . or Enter, or press ? or * to list all spells.
Aiming: Searing Ray (safe; 1% risk of failure)
Press: ? - help, Shift-Dir - straight line, f/p - sleepcap
Aim: a sleepcap (100% to hit)
The searing ray hits the sleepcap.
The sleepcap is moderately damaged. (Press . to maintain the ray.)
The searing ray hits the sleepcap.
The sleepcap is moderately damaged.
The sleepcap barely misses you.
The searing ray hits the sleepcap.
The sleepcap is heavily damaged.
The sleepcap releases spores at you!
You are engulfed in a cloud of soporific spores!
You fall asleep.
The sleepcap releases spores at you!!
Ouch! That really hurt!
You die...

#### ## #..
..#. #.#
##....
###f##......
#.@.........
#.#...<...#
#.##....###
#. #.##.#
#.##.##.# ..
#.......# .
####.#### .
#)# . #.#


You could see a sleepcap.

Vanquished Creatures
  Terence (D:2)
  3 dart slugs
  7 bats
  3 endoplasms
  3 giant cockroaches
  6 goblins
  7 hobgoblins
  2 kobolds
  4 quokkas
  10 ball pythons
  5 frilled lizards
  10 rats
61 creatures vanquished.

Notes
Turn   | Place    | Note
-------+----------+-------------------------------------------
     0 | D:1      | Heoruswealwe the Deep Elf Conjurer began the quest for the
                  | Orb.
     0 | D:1      | Reached XP level 1. HP: 10/10 MP: 6/6
   194 | D:1      | Reached XP level 2. HP: 15/15 MP: 4/8
   197 | D:1      | Learned a level 2 spell: Searing Ray
   447 | D:1      | Reached XP level 3. HP: 19/19 MP: 8/10
   449 | D:1      | Reached skill level 5 in Conjurations
   453 | D:1      | Learned a level 3 spell: Dazzling Flash
   825 | D:2      | Found Panucw's Magic Scroll Emporium.
   840 | D:2      | Bought a scroll of identify for 24 gold pieces
   840 | D:2      | Bought a scroll of identify for 24 gold pieces
   840 | D:2      | Bought a scroll of noise for 12 gold pieces
  1421 | D:2      | Noticed Terence
  1425 | D:2      | Killed Terence
  1426 | D:2      | Reached XP level 4. HP: 24/24 MP: 7/12
  1431 | D:2      | Learned a level 4 spell: Fulminant Prism
  1470 | D:2      | Found a faded altar of an unknown god.
  1690 | D:3      | Reached skill level 5 in Spellcasting
  1692 | D:3      | Found an opulent altar of Gozag.
  1966 | D:3      | Slain by a sleepcap

Illustrated notes

Levels and vault maps discovered:
D:1:      dpeg_arrival_round_b, layout_rooms, serial_bayou_pond_b,
          minmay_shallow_snake_nest
D:2:      layout_basic, serial_shops, shop, ebering_ecumenical_altar_abandoned,
          uniq_terence
D:3:      layout_loops_cross, grunt_gozag_statues, kennysheep_orc_chapel

Skill      XL: |  1  2  3  4 |
---------------+-------------+-----
Spellcasting   | 4 5 |  5.0
Conjurations   | 5 |  5.5
Dodging        | |  2.4
Stealth        | |  2.4

Action                     |  1- 3 |  4- 6 || total
---------------------------+-------+-------++-------
  Melee: Unarmed           |    18 |       ||    18
   Cast: Magic Dart        |    78 |    21 ||    99
         Searing Ray       |     1 |     1 ||     2
 Armour: Robe              |     2 |       ||     2
  Dodge: Dodged            |     8 |     5 ||    13
